Map: Ever Dream LE

Players

Semper

  • Race: Protoss Protoss
  • Spawn Location: 1:00

Astrea - Winner!

  • Race: Protoss Protoss
  • Spawn Location: 7:00

Event: DreamHack SC2 Masters 2020 Summer North America

VOD

Have the link to the VOD?

Description

Time

  • Played on: July 3, 2020, 6:14 p.m.
  • Length: 4:45

All games in this series

Show
View Real Time Build Order
Export as new Build Order

Semper Protoss 

Build Orders:  

Get SALT Encoding   

  12  0:00  Probe  
  13  0:13  Probe  
  14  0:17  Pylon  
  14  0:23  Probe  
  15  0:31  Probe  
  15  0:38  Gateway  
  15  0:39  Probe  
  16  0:46  Assimilator  
  17  0:51  Probe  
  17  0:54  Assimilator  
  18  1:00  Probe  
  19  1:08  Gateway, Probe  
  20  1:18  Probe  
  20  1:25  Cybernetics Core  
  21  1:30  Probe  
  22  1:33  Pylon  
  22  1:42  Probe  
  23  1:55  Warp Gate  
  23  1:59  Probe  
  24  2:01  Adept  
  24  2:02  Adept  
  24  2:07  Pylon  
  28  2:11  Probe  
  29  2:31  Adept x2  
  33  2:45  Nexus  
  33  2:49  Probe  
  34  3:01  Adept  
  35  3:08  Probe  
  33  3:16  Probe  
  30  3:20  Adept  
  31  3:31  Probe  
  30  3:43  Probe  
  30  3:48  Adept  
  33  3:53  Probe  
  33  3:54  Twilight Council  
  33  3:55  Probe  
  34  3:58  Adept  
  34  4:02  Probe  
  37  4:06  Probe  
  39  4:12  Probe  
  39  4:14  Forge, Probe  
  40  4:23  Probe  
  42  4:24  Probe  
  42  4:25  Pylon  
  43  4:37  Adept  
Show
View Real Time Build Order
Export as new Build Order

Astrea Protoss - Winner!

Build Orders:  

Get SALT Encoding   

  12  0:00  Probe  
  13  0:13  Probe  
  14  0:16  Pylon  
  14  0:23  Probe  
  15  0:31  Probe  
  16  0:36  Gateway  
  16  0:39  Probe  
  16  0:46  Assimilator  
  17  0:51  Probe  
  17  0:54  Assimilator  
  18  0:59  Probe  
  19  1:07  Probe  
  19  1:08  Gateway  
  19  1:17  Probe  
  20  1:24  Cybernetics Core  
  21  1:29  Probe  
  22  1:34  Pylon  
  22  1:41  Probe  
  23  1:51  Warp Gate  
  23  1:54  Probe  
  24  2:00  Adept  
  24  2:01  Adept  
  28  2:07  Pylon  
  29  2:08  Probe  
  29  2:31  Sentry x2  
  33  2:38  Nexus  
  32  2:44  Probe  
  33  2:56  Probe, Pylon  
  38  2:58  Sentry x2  
  38  3:11  Shield Battery  
  38  3:14  Probe  
  38  3:31  Probe  
  38  3:33  Twilight Council  
  39  3:39  Stalker x2  
  43  3:43  Probe  
  43  3:47  Probe  
  44  3:55  Probe  
  45  3:56  Probe  
  45  4:01  Shield Battery  
  47  4:05  Stalker x2, Probe  
  47  4:08  Probe  
  53  4:17  Probe  
  55  4:24  Probe  
  55  4:26  Pylon  
  55  4:29  Shield Battery  
  55  4:36  Stalker  
Tags
 
Add a new tag
Caveats
  • Supply blocks, unpowered buildings, or Contaminate may cause inaccurate times.
  • Supply counts are checked every 10 seconds.